 Dungeon Crawl Stone Soup version 0.22-a0-430-g6609fc6 (webtiles) character file.

84 MisterFreud the Insei (level 4, -8/28 HPs)
             Began as an Octopode Transmuter on May 26, 2018.
             Killed from afar by an orc wizard (10 damage)
             ... with a puff of flame
             ... on level 3 of the Dungeon.
             The game lasted 00:02:32 (1645 turns).

MisterFreud the Insei (Octopode Transmuter)         Turns: 1645, Time: 00:02:32

Health: -8/28      AC:  1    Str:  7    XL:     4   Next: 45%
Magic:  7/7        EV: 13    Int: 16    God:
Gold:   101        SH:  0    Dex: 12    Spells: 1/7 levels left

rFire    . . .     SeeInvis .     - Unarmed
rCold    . . .     Gourm    +   (no shield)
rNeg     . . .     Faith    .   (helmet restricted)
rPois    .         Spirit   .   g - amulet of the gourmand
rElec    .         Reflect  .   j - -2 ring of strength (curse)
rCorr    .         Harm     .   (no ring)
MR       .....                  (no ring)
Stlth    ++........             (no ring)
HPRegen  0.09/turn              (no ring)
MPRegen  0.10/turn              (no ring)
                                (no ring)
                                (no ring)

@: lethally poisoned (-8 -> -9)
A: almost no armour, stealthy swim, amphibious, 8 rings, constrict 8, camouflage
1, gelatinous body 1
a: no special abilities


You were on level 3 of the Dungeon.
You were full.

You visited 1 branch of the dungeon, and saw 3 of its levels.

You collected 101 gold pieces.

Inventory:

Missiles
 a - 72 arrows
Jewellery
 g - an amulet of the gourmand (around mantle)
 i - an uncursed ring of fire
 j - a cursed -2 ring of strength (left tentacle)
Scrolls
 d - a scroll of enchant weapon {unknown}
 h - a scroll of magic mapping {unknown}
Potions
 b - 2 potions of flight {unknown}
 e - a potion of heal wounds {unknown}
 f - a potion of degeneration {unknown}
Comestibles
 c - 6 rations


   Skills:
 - Level 1.0 Fighting
 - Level 2.0 Dodging
 * Level 5.1 Unarmed Combat
 - Level 2.0 Spellcasting
 - Level 2.0 Transmutations


You had one spell level left.
You knew the following spells:

 Your Spells              Type           Power        Failure   Level  Hunger
a - Beastly Appendage     Tmut           #.....       9%          1    #......
b - Sticks to Snakes      Tmut           #.......     14%         2    ###....
c - Spider Form           Tmut/Pois      #.........   38%         3    ###....

Your spell library contained the following spells:

 Spells                   Type           Power        Failure   Level  Hunger
 Blade Hands              Tmut           #.........   94%         5    ######.
 Ice Form                 Ice/Tmut       #.......     80%         4    #####..


Dungeon Overview and Level Annotations

Branches:
Dungeon (3/15)

Altars:


Innate Abilities, Weirdness & Mutations

You cannot wear most types of armour.
You are very stealthy in the water. (Stealth+)
You are amphibious.
You can wear up to eight rings at the same time.
You can use your tentacles to constrict eight enemies at once.
Your skin changes colour to match your surroundings (Stealth+).
Your rubbery body absorbs attacks. (AC +1, EV +1)


Message History

The orc warrior shouts!
A worm comes into view.
You feel sick.
The orc wizard gestures wildly while chanting.
The orc wizard flickers and vanishes!
Deactivating autopickup; reactivate with Ctrl-A.
You see here a poisoned needle.
You feel sick.
A magic dart appears from out of thin air!
The magic dart hits you!
You feel sick.
You hear some strange, mumbled words.
A puff of frost appears from out of thin air!
The puff of frost hits you!
* * * LOW HITPOINT WARNING * * *
You see here a broad axe.
You hear some strange, mumbled words.
A puff of flame appears from out of thin air!
The puff of flame hits you!
You die...

.### ... #.# ... #.#
#.# #.# #.# # #.#
#.### .. #.#.# #...#
w#.#.#)# #.#.#
.......#### #@#.#
......)..(######)#.#
...#.####..oo....#.#
# ##########.# .# .#


There were no monsters in sight!

Vanquished Creatures
  Jessica (D:2)
  An adder (D:2)
  5 dart slugs
  2 leopard geckos (D:1)
  A giant cockroach (D:1)
  4 goblins (D:1)
  3 hobgoblins
  6 jackals (D:2)
  A quokka (D:2)
  3 bats
  2 frilled lizards (D:1)
  A giant cockroach zombie (D:2)
  4 kobolds
  3 rats
37 creatures vanquished.

Notes
Turn   | Place    | Note
-------+----------+-------------------------------------------
     0 | D:1      | MisterFreud the Octopode Transmuter began the quest for the Orb.
     0 | D:1      | Reached XP level 1. HP: 13/13 MP: 3/3
   189 | D:1      | Reached XP level 2. HP: 9/18 MP: 5/5
   744 | D:1      | Reached skill level 4 in Unarmed Combat
  1008 | D:2      | Reached XP level 3. HP: 23/23 MP: 6/6
  1066 | D:2      | Learned a level 2 spell: Sticks to Snakes
  1070 | D:2      | Learned a level 3 spell: Spider Form
  1269 | D:2      | Noticed Jessica
  1280 | D:2      | Killed Jessica
  1280 | D:2      | Reached skill level 5 in Unarmed Combat
  1280 | D:2      | Reached XP level 4. HP: 27/28 MP: 3/7
  1561 | D:2      | Found a faded altar of an unknown god.
  1631 | D:3      | Noticed an orc warrior
  1645 | D:3      | Killed from afar by an orc wizard

Vault maps used:
D:1:      nicolae_arrival_memento_mori
D:2:      chequers_ecumenical_altar_grove, uniq_jessica

Skill      XL: |  1  2  3 |
---------------+----------+-----
Unarmed Combat | 4 5 |  5.1
Fighting       | |  1.0
Dodging        | |  2.0
Spellcasting   | |  2.0
Transmutations | |  2.0

Action                   |  1- 3 |  4- 6 || total
-------------------------+-------+-------++-------
Melee: Unarmed           |    73 |    17 ||    90
       Tentacles         |     9 |     2 ||    11
       Constrict         |    17 |     3 ||    20
       Punch             |     5 |       ||     5
 Cast: Spider Form       |     1 |       ||     1
 Stab: Sleeping          |     9 |       ||     9
  Eat: Chunk             |     5 |     6 ||    11
Armor: Skin              |     4 |       ||     4
Dodge: Dodged            |    37 |    11 ||    48

Table legend:
 A = Spawn XP
 B = Non-spawn XP
 C = Spawn XP percentage of total XP
 D = Spawn monster count
 E = Non-spawn monster count
 F = Spawn count percentage of total count
 G = Total turns spent on level
                    A         B        C        D         E        F      G
               +---------+---------+-------+---------+---------+-------+---------
         Total |       0 |     120 |   0.0 |       0 |      37 |   0.0 |  1645
               +---------+---------+-------+---------+---------+-------+---------
           D:1 |       0 |      32 |   0.0 |       0 |      17 |   0.0 |  1003
           D:2 |       0 |      86 |   0.0 |       0 |      18 |   0.0 |   604
           D:3 |       0 |       2 |   0.0 |       0 |       2 |   0.0 |    38
               +---------+---------+-------+---------+---------+-------+---------
